Canadiens vs Predators

Created - 1 novembre 2015 at 19:39

Goals
1 2 3 T
Canadiens 2 4 0 6
Predators 1 0 1 2
Shots
1 2 3 T
Canadiens 8 16 14 38
Predators 17 11 12 40

1st period

1. Canadiens , Sergei Samsonov 6 (Dan Boyle) at 9:49
2. Canadiens , Devin Setoguchi 4 (Josh Gorges, Maxim Talbot) at 14:58
3. Predators , Josef Vasicek 5 (Barret Jackman, Kari Lehtonen) at 15:51

Penalties :
Dan Boyle (Mon) for Hooking (Minor) at 4:23, Sergei Samsonov (Mon) for Hooking (Minor) at 18:08

2nd period

4. Canadiens , Devin Setoguchi 5 (Dan Boyle, Marc Savard) at 6:32
5. Canadiens , Patrick Sharp 10 (Marc Savard) at 8:27
6. Canadiens , Marc Savard 2 (Patrick Sharp, Devin Setoguchi) at 8:41
7. Canadiens , Brian Gionta 2 (Dustin Boyd) at 9:42

Penalties :
Ryan Mcdonagh (Nas) for Tripping (Minor) at 18:09

3rd period

8. Predators , Brendan Bell 1 (Ryan Mcdonagh, Steve Mason) at 15:07 (PP)

Penalties :
Dan Boyle (Mon) for Roughing (Minor) at 0:03, Vitali Yachmenev (Nas) for Interference (Minor) at 7:02, Dan Boyle (Mon) for Hooking (Minor) at 10:47, Alexander Steen (Nas) for Interference (Minor) at 11:41, Rene Bourque (Mon) for Hooking (Minor) at 14:32, Michael Grabner (Nas) for Roughing (Minor) at 16:46, Dan Boyle (Mon) for Interference (Minor) at 19:40

Goalie Stats

Miika Kiprusoff (Mon), 38 saves from 40 shots - (0,950), W, 4-0-0, 60:00 minutes
Steve Mason (Nas), 22 saves from 24 shots - (0,917), 31:33 minutes
Kari Lehtonen (Nas), 10 saves from 14 shots - (0,714), L, 3-5-0, 28:27 minutes

Players Stats for Canadiens

Player Name              G  A  P  +/- PIM S  H  SB GA TA FO     MP     PP MP  PK MP  
------------------------------------------------------------------------------------
Andrei Loktionov         0  0  0   0  0   1  0  0  0  1  4/13   14:01   1:54   0:00 
Brian Gionta             1  0  1   1  0   2  0  0  1  1  0/1     8:54   0:00   0:00 
Cam Janssen              0  0  0   0  0   0  0  0  0  0  0/0     7:17   0:00   0:00 
Dan Boyle                0  2  2   3  8   3  3  0  0  1  0/0    24:54   4:51   0:00 
Dennis Wideman           0  0  0   3  0   2  4  1  0  1  0/0    28:44   4:52   2:29 
Devin Setoguchi          2  1  3   4  0   3  1  0  1  1  1/2    17:12   2:29   0:00 
Dustin Boyd              0  1  1   1  0   2  0  0  1  0  2/6    12:12   2:29   0:45 
Jiri Fischer             0  0  0  -1  0   0  0  3  0  1  0/0    16:45   0:54   2:29 
Josh Gorges              0  1  1   3  0   2  1  3  1  1  0/0    18:21   0:00   5:11 
Ladislav Smid            0  0  0   3  0   1  2  6  0  0  0/0    18:21   0:00   5:11 
Marc Savard              1  2  3   4  0   7  2  2  3  0  22/34  22:48   4:17   1:49 
Matt Carle               0  0  0  -1  0   0  0  3  0  0  0/0    12:55   1:54   0:00 
Maxim Talbot             0  1  1   0  0   1  0  0  0  0  7/11   12:35   0:00   4:46 
Patrick Sharp            1  1  2   4  0   5  2  2  0  2  2/3    22:53   4:17   1:24 
Pierre-Luc Létourneau    0  0  0   0  0   1  1  0  0  0  0/0     7:31   0:00   0:14 
Rene Bourque             0  0  0   0  2   2  2  1  0  0  1/3    16:36   3:23   1:33 
Riley Cote               0  0  0   1  0   2  5  0  0  1  0/0    10:47   0:00   1:10 
Sergei Samsonov          1  0  1   0  2   4  2  2  0  0  0/0    18:18   2:29   3:39 

Players Stats for Predators

Player Name              G  A  P  +/- PIM S  H  SB GA TA FO     MP     PP MP  PK MP  
------------------------------------------------------------------------------------
Alexander Edler          0  0  0  -1  0   2  3  2  2  1  0/0    24:32   4:43   0:58 
Alexander Ovechkin       0  0  0  -2  0   8  2  0  4  1  3/6    22:57   4:15   1:25 
Alexander Steen          0  0  0  -1  2   3  1  0  0  0  0/0    15:25   3:13   0:00 
Barret Jackman           0  1  1   0  0   0  0  0  0  0  0/0    15:08   0:00   3:17 
Brad Boyes               0  0  0  -1  0   0  7  1  1  0  0/1    14:39   3:14   0:00 
Brendan Bell             1  0  1   0  0   1  0  1  0  0  0/0    14:19   2:57   0:00 
Danny Richmond           0  0  0  -4  0   2  1  1  1  0  0/0    24:50   4:43   3:29 
Erik Rasmussen           0  0  0  -1  0   1  1  0  0  0  1/4     7:11   0:00   0:17 
James Van Riemsdyk       0  0  0  -1  0   0  2  0  0  0  0/0     9:19   0:00   0:00 
Jeremy Williams          0  0  0  -1  0   1  1  0  0  0  0/0     6:54   0:00   0:00 
Joe Thornton             0  0  0  -2  0   6  2  2  2  2  18/39  24:33   3:16   4:21 
John Moore               0  0  0  -4  0   2  0  0  0  0  0/0    17:11   0:00   3:56 
Josef Vasicek            1  0  1  -1  0   4  3  0  0  0  10/17  18:03   4:08   1:30 
Kris Vernarsky           0  0  0  -1  0   2  1  1  0  2  1/5     9:46   0:27   0:00 
Michael Grabner          0  0  0  -2  2   3  2  0  0  0  1/1    19:59   4:08   0:00 
Oleg Saprykin            0  0  0  -1  0   2  1  0  0  0  0/0    11:36   0:00   4:35 
Ryan Mcdonagh            0  1  1  -1  2   2  0  2  0  1  0/0    24:17   3:15   1:52 
Vitali Yachmenev         0  0  0  -1  2   1  1  0  0  0  0/0    11:21   0:00   1:24 

3 Stars

1 - Devin Setoguchi (Mon)
2 - Marc Savard (Mon)
3 - Patrick Sharp (Mon)

Power Play

Canadiens - 0 on 4 Attempt(s) - 0,00%
Predators - 1 on 6 Attempt(s) - 16,67%

Penalty Kill

Canadiens - 5 on 6 Attempt(s) - 83,33% - Score 0 goal in Penalty Kill
Predators - 4 on 4 Attempt(s) - 100,00% - Score 0 goal in Penalty Kill

Team Stat

Canadiens - Hits : 25 - Faceoff Wins : 39 - Blocked Shots : 23 - Penalty Minutes : 12
Predators - Hits : 28 - Faceoff Wins : 34 - Blocked Shots : 10 - Penalty Minutes : 8

Official

Referees : Hebert Ghislain and Walsh Ian
Linesman : Vaughan Rody and Shane Heyer

Game Notes

Steve Mason enters game at 8:27 of 2nd period

Finance

Level 1 -- Attendance: 4670 (77,83%) -- Ticket Income 420 300 $
Level 2 -- Attendance: 5000 (100,00%) -- Ticket Income 265 000 $
Level 3 -- Attendance: 1699 (84,95%) -- Ticket Income 56 067 $
Level 4 -- Attendance: 3081 (77,03%) -- Ticket Income 77 025 $
Luxury Box -- Attendance: 733 (73,30%) -- Ticket Income 138 537 $
Game was played at the Wildcat center'
Total Attendance: 15183 (84,35%)
Total Ticket Income: 956 929 $
Other Income: 143 539 $
Total Income: 1 100 468 $

Canadiens

5 vs 5 Forward 
   Center                   Left Wing                Right Wing               Time % Phy DF OF 
 1 Marc Savard              Patrick Sharp            Devin Setoguchi          40     1   2  2  
 2 Andrei Loktionov         Sergei Samsonov          Rene Bourque             30     1   2  2  
 3 Dustin Boyd              Riley Cote               Brian Gionta             20     1   2  2  
 4 Maxim Talbot             Pierre-Luc Létourneau    Cam Janssen              10     2   2  1  

5 vs 5 Defense 
   Defense                  Defense                                           Time % Phy DF OF 
 1 Dan Boyle                Dennis Wideman                                    40     1   2  2  
 2 Josh Gorges              Ladislav Smid                                     30     1   2  2  
 3 Jiri Fischer             Matt Carle                                        20     1   2  2  
 4 Dan Boyle                Dennis Wideman                                    10     1   2  2  

PowerPlay Forward 
   Center                   Left Wing                Right Wing               Time % Phy DF OF 
 1 Marc Savard              Patrick Sharp            Rene Bourque             60     1   2  2  
 2 Dustin Boyd              Sergei Samsonov          Devin Setoguchi          40     1   2  2  

PowerPlay Defense
   Defense                  Defense                                           Time % Phy DF OF 
 1 Dan Boyle                Dennis Wideman                                    60     1   2  2  
 2 Andrei Loktionov         Matt Carle                                        40     1   2  2  

Penalty Kill 4 Players Forward 
   Center                   Wing                     Time % Phy DF OF 
 1 Maxim Talbot             Sergei Samsonov          60     1   2  2  
 2 Marc Savard              Rene Bourque             40     1   2  2  

Penalty Kill 4 Players Defense
   Defense                  Defense                  Time % Phy DF OF 
 1 Josh Gorges              Ladislav Smid            60     1   2  2  
 2 Jiri Fischer             Dennis Wideman           40     1   2  2  

Penalty Kill - 3 Players Forward 
   Forward                                           Time % Phy DF OF 
 1 Marc Savard                                       60     1   2  2  
 2 Maxim Talbot                                      40     1   2  2  

Penalty Kill - 3 Players Defense
   Defense                  Defense                  Time % Phy DF OF 
 1 Josh Gorges              Ladislav Smid            60     1   2  2  
 2 Jiri Fischer             Dennis Wideman           40     1   2  2  

4 vs 4 Forward 
   Center                   Wing                     Time % Phy DF OF 
 1 Marc Savard              Patrick Sharp            60     1   2  2  
 2 Dustin Boyd              Rene Bourque             40     1   2  2  

4 vs 4 Defense
   Defense                  Defense                  Time % Phy DF OF 
 1 Dan Boyle                Dennis Wideman           60     1   2  2  
 2 Josh Gorges              Jiri Fischer             40     1   2  2  

Last Minutes Offensive
   Center                   Left Wing                Right Wing               Defense                  Defense                  
   Marc Savard              Patrick Sharp            Devin Setoguchi          Dan Boyle                Dennis Wideman           

Last Minutes Defensive
   Center                   Left Wing                Right Wing               Defense                  Defense                  
   Marc Savard              Patrick Sharp            Rene Bourque             Jiri Fischer             Dennis Wideman           

Goaltenders
Starting : Miika Kiprusoff          
Backup : Jonathan Bernier         

Extra Forwards
Normal : Maxim Talbot, Cam Janssen, Pierre-Luc Létourneau - PP : Rene Bourque, Maxim Talbot - PK : Riley Cote
Extra Defensemen
Normal : Jiri Fischer, Matt Carle, Josh Gorges - PP : Jiri Fischer - PK : Matt Carle, Dan Boyle
Penalty Shots
Marc Savard, Patrick Sharp, Brian Gionta, Rene Bourque, Sergei Samsonov

Predators

5 vs 5 Forward 
   Center                   Left Wing                Right Wing               Time % Phy DF OF 
 1 Joe Thornton             Alexander Ovechkin       Michael Grabner          40     1   2  2  
 2 Josef Vasicek            Alexander Steen          Brad Boyes               25     1   2  2  
 3 Kris Vernarsky           James Van Riemsdyk       Vitali Yachmenev         20     1   2  2  
 4 Erik Rasmussen           Oleg Saprykin            Jeremy Williams          15     1   2  2  

5 vs 5 Defense 
   Defense                  Defense                                           Time % Phy DF OF 
 1 Alexander Edler          Ryan Mcdonagh                                     40     1   2  2  
 2 Danny Richmond           John Moore                                        30     1   2  2  
 3 Brendan Bell             Barret Jackman                                    20     1   2  2  
 4 Danny Richmond           Ryan Mcdonagh                                     10     1   2  2  

PowerPlay Forward 
   Center                   Left Wing                Right Wing               Time % Phy DF OF 
 1 Josef Vasicek            Alexander Ovechkin       Michael Grabner          60     1   1  3  
 2 Joe Thornton             Alexander Steen          Brad Boyes               40     1   1  3  

PowerPlay Defense
   Defense                  Defense                                           Time % Phy DF OF 
 1 Alexander Edler          Danny Richmond                                    60     1   2  2  
 2 Brendan Bell             Ryan Mcdonagh                                     40     1   2  2  

Penalty Kill 4 Players Forward 
   Center                   Wing                     Time % Phy DF OF 
 1 Joe Thornton             Oleg Saprykin            60     1   2  2  
 2 Josef Vasicek            Vitali Yachmenev         40     1   2  2  

Penalty Kill 4 Players Defense
   Defense                  Defense                  Time % Phy DF OF 
 1 Ryan Mcdonagh            Danny Richmond           60     1   3  1  
 2 Barret Jackman           John Moore               40     1   3  1  

Penalty Kill - 3 Players Forward 
   Forward                                           Time % Phy DF OF 
 1 Oleg Saprykin                                     60     1   2  2  
 2 Josef Vasicek                                     40     1   2  2  

Penalty Kill - 3 Players Defense
   Defense                  Defense                  Time % Phy DF OF 
 1 Ryan Mcdonagh            Danny Richmond           60     1   2  2  
 2 Barret Jackman           John Moore               40     1   2  2  

4 vs 4 Forward 
   Center                   Wing                     Time % Phy DF OF 
 1 Joe Thornton             Alexander Ovechkin       60     1   2  2  
 2 Kris Vernarsky           Alexander Steen          40     1   2  2  

4 vs 4 Defense
   Defense                  Defense                  Time % Phy DF OF 
 1 Alexander Edler          Danny Richmond           60     1   2  2  
 2 Ryan Mcdonagh            Barret Jackman           40     1   2  2  

Last Minutes Offensive
   Center                   Left Wing                Right Wing               Defense                  Defense                  
   Joe Thornton             Alexander Ovechkin       Brad Boyes               Alexander Edler          Ryan Mcdonagh            

Last Minutes Defensive
   Center                   Left Wing                Right Wing               Defense                  Defense                  
   Joe Thornton             Oleg Saprykin            Vitali Yachmenev         Ryan Mcdonagh            Danny Richmond           

Goaltenders
Starting : Kari Lehtonen            
Backup : Steve Mason              

Extra Forwards
Normal : Kris Vernarsky, Oleg Saprykin, Vitali Yachmenev - PP : Kris Vernarsky, Oleg Saprykin - PK : Vitali Yachmenev
Extra Defensemen
Normal : Brendan Bell, John Moore, Ryan Mcdonagh - PP : John Moore - PK : John Moore, Ryan Mcdonagh
Penalty Shots
Alexander Ovechkin, Joe Thornton, Michael Grabner, Josef Vasicek, Alexander Steen

% Time on Ice - Canadiens

Lines # - Real PCT - Wanted PCT - Time Play
Normal Forward
1 - 37% - 40% - 16:34
2 - 26% - 30% - 11:39
3 - 20% - 20% - 8:54
4 - 16% - 10% - 7:17
Normal Defense
1 - 42% - 40% - 18:27
2 - 30% - 30% - 13:30
3 - 24% - 20% - 10:29
4 - 4% - 10% - 1:58
PP Forward
1 - 63% - 60% - 4:17
2 - 37% - 40% - 2:29
PP Defense
1 - 72% - 60% - 4:52
2 - 28% - 40% - 1:54
PK Forward
1 - 80% - 60% - 6:07
2 - 20% - 40% - 1:33
PK Defense
1 - 74% - 60% - 5:42
2 - 26% - 40% - 1:58
PK3 Forward
1 - 0% - 60%
2 - 0% - 40%
PK3 Defense
1 - 0% - 60%
2 - 0% - 40%
44 Forward
1 - 100% - 60% - 1:10
2 - 0% - 40% - 0:00
44 Defense
1 - 100% - 60% - 1:10
2 - 0% - 40% - 0:00
Last Minute Offensive  - 0:00
Last Minute Defensive  - 0:00
Total
Forward - 60:00
Defense - 60:00

% Time on Ice - Predators

Lines # - Real PCT - Wanted PCT - Time Play
Normal Forward
1 - 37% - 40% - 16:14
2 - 27% - 25% - 11:57
3 - 21% - 20% - 9:19
4 - 16% - 15% - 6:54
Normal Defense
1 - 40% - 40% - 17:48
2 - 31% - 30% - 13:51
3 - 24% - 20% - 10:46
4 - 4% - 10% - 1:59
PP Forward
1 - 58% - 60% - 4:26
2 - 42% - 40% - 3:14
PP Defense
1 - 62% - 60% - 4:43
2 - 38% - 40% - 2:57
PK Forward
1 - 78% - 60% - 5:16
2 - 22% - 40% - 1:30
PK Defense
1 - 51% - 60% - 3:29
2 - 49% - 40% - 3:17
PK3 Forward
1 - 0% - 60%
2 - 0% - 40%
PK3 Defense
1 - 0% - 60%
2 - 0% - 40%
44 Forward
1 - 100% - 60% - 1:10
2 - 0% - 40% - 0:00
44 Defense
1 - 100% - 60% - 1:10
2 - 0% - 40% - 0:00
Last Minute Offensive  - 0:00
Last Minute Defensive  - 0:00
Total
Forward - 60:00
Defense - 60:00

Play by Play

1st period


0:01 of 1st period - Patrick Sharp wins face-off versus Joe Thornton in neutral zone.
0:26 of 1st period - Ryan Mcdonagh is hit by Sergei Samsonov.
0:36 of 1st period - Wrist shot by Alexander Steen.
0:36 of 1st period - Deflect By Josef Vasicek.
0:36 of 1st period - Stopped by Miika Kiprusoff with a rebound.
1:08 of 1st period - Erik Rasmussen is hit by Ladislav Smid and loses puck.
1:59 of 1st period - Josh Gorges is hit by Josef Vasicek and loses puck.
2:17 of 1st period - Slapshot by Danny Richmond.
2:17 of 1st period - Shot Blocked by Ladislav Smid.
2:34 of 1st period - Snap shot by Riley Cote.
2:34 of 1st period - Shot Blocked by Danny Richmond.
2:56 of 1st period - Snap shot by Jeremy Williams.
2:56 of 1st period - Shot Blocked by Jiri Fischer.
3:05 of 1st period - Icing by Jiri Fischer.
3:06 of 1st period - Marc Savard wins face-off versus Alexander Ovechkin in Canadiens zone.
3:22 of 1st period - Alexander Edler is hit by Devin Setoguchi and loses puck.
3:57 of 1st period - Wrist shot by Patrick Sharp.
3:57 of 1st period - Deflect By Ryan Mcdonagh.
3:57 of 1st period - Shot Misses the Net.
3:57 of 1st period - Puck is out of play.
3:58 of 1st period - Josef Vasicek wins face-off versus Andrei Loktionov in Predators zone.
3:58 of 1st period - Josef Vasicek is hit by Sergei Samsonov.
4:16 of 1st period - Dennis Wideman is hit by Brad Boyes and loses puck.
4:23 of 1st period - Minor Penalty to Dan Boyle for Hooking.
4:24 of 1st period - Maxim Talbot wins face-off versus Josef Vasicek in Canadiens zone.
4:33 of 1st period - Snap shot by Josef Vasicek.
4:33 of 1st period - Shot Misses the Net.
4:35 of 1st period - Slapshot by Alexander Edler.
4:35 of 1st period - Shot Blocked by Sergei Samsonov.
4:37 of 1st period - Backhand shot by Danny Richmond.
4:37 of 1st period - Shot Misses the Net.
4:39 of 1st period - Slapshot by Danny Richmond.
4:39 of 1st period - Shot Blocked by Josh Gorges.
4:58 of 1st period - Snap shot by Marc Savard.
4:58 of 1st period - Deflect By Alexander Edler.
4:58 of 1st period - Shot Blocked by Alexander Edler.
4:58 of 1st period - Puck is out of play.
4:59 of 1st period - Marc Savard wins face-off versus Josef Vasicek in Predators zone.
5:06 of 1st period - Wrist shot by Rene Bourque.
5:06 of 1st period - Stopped by Kari Lehtonen without a rebound.
5:07 of 1st period - Maxim Talbot wins face-off versus Josef Vasicek in Predators zone.
5:08 of 1st period - Snap shot by Sergei Samsonov.
5:08 of 1st period - Shot Misses the Net.
5:38 of 1st period - Wrist shot by Alexander Ovechkin.
5:38 of 1st period - Shot Misses the Net.
5:40 of 1st period - Snap shot by Alexander Ovechkin.
5:40 of 1st period - Stopped by Miika Kiprusoff with a rebound.
5:42 of 1st period - Slapshot by Brendan Bell.
5:42 of 1st period - Deflect By Josef Vasicek.
5:42 of 1st period - Shot Misses the Net.
5:42 of 1st period - Puck is out of play.
5:43 of 1st period - Marc Savard wins face-off versus Joe Thornton in Canadiens zone.
5:51 of 1st period - Off-side.
5:52 of 1st period - Marc Savard wins face-off versus Joe Thornton in neutral zone.
5:59 of 1st period - Slapshot by Joe Thornton.
5:59 of 1st period - Stopped by Miika Kiprusoff with a rebound.
6:17 of 1st period - Slapshot by Joe Thornton.
6:17 of 1st period - Deflect By Brad Boyes.
6:17 of 1st period - Shot Blocked by Ladislav Smid.
6:17 of 1st period - Puck is out of play.
6:18 of 1st period - Josef Vasicek wins face-off versus Maxim Talbot in Canadiens zone.
6:23 of 1st period - Penalty to Dan Boyle is over, Dan Boyle is back on ice.
7:09 of 1st period - Snap shot by Patrick Sharp.
7:09 of 1st period - Stopped by Kari Lehtonen with a rebound.
7:11 of 1st period - Wrist shot by Devin Setoguchi.
7:11 of 1st period - Shot Misses the Net.
7:50 of 1st period - Slapshot by Alexander Ovechkin.
7:50 of 1st period - Shot Blocked by Ladislav Smid.
7:52 of 1st period - Slapshot by John Moore.
7:52 of 1st period - Stopped by Miika Kiprusoff with a rebound.
7:54 of 1st period - Slapshot by Danny Richmond.
7:54 of 1st period - Stopped by Miika Kiprusoff without a rebound.
7:55 of 1st period - Marc Savard wins face-off versus Kris Vernarsky in Canadiens zone.
8:10 of 1st period - Dennis Wideman is hit by James Van Riemsdyk and loses puck.
8:22 of 1st period - Off-side.
8:23 of 1st period - Michael Grabner wins face-off versus Andrei Loktionov in neutral zone.
8:32 of 1st period - Wrist shot by Sergei Samsonov.
8:32 of 1st period - Stopped by Kari Lehtonen with a rebound.
9:34 of 1st period - Slapshot by Kris Vernarsky.
9:34 of 1st period - Stopped by Miika Kiprusoff without a rebound.
9:35 of 1st period - Andrei Loktionov wins face-off versus Kris Vernarsky in Canadiens zone.
9:40 of 1st period - Kris Vernarsky is hit by Dennis Wideman and loses puck.
9:45 of 1st period - Wrist shot by Sergei Samsonov.
9:45 of 1st period - Shot Misses the Net.
9:47 of 1st period - Wrist shot by Sergei Samsonov.
9:47 of 1st period - Shot Blocked by Kris Vernarsky.
9:49 of 1st period - Wrist shot by Sergei Samsonov.
9:49 of 1st period - Goal by Sergei Samsonov - Canadiens : 1 - Predators : 0.
9:50 of 1st period - Joe Thornton wins face-off versus Andrei Loktionov in neutral zone.
10:21 of 1st period - Brad Boyes is hit by Dan Boyle and loses puck.
10:26 of 1st period - Slapshot by Dan Boyle.
10:26 of 1st period - Stopped by Kari Lehtonen without a rebound.
10:27 of 1st period - Josef Vasicek wins face-off versus Marc Savard in Predators zone.
11:00 of 1st period - Slapshot by Alexander Edler.
11:00 of 1st period - Shot Blocked by Rene Bourque.
11:02 of 1st period - Slapshot by Alexander Edler.
11:02 of 1st period - Shot Blocked by Dennis Wideman.
11:04 of 1st period - Wrist shot by Ryan Mcdonagh.
11:04 of 1st period - Deflect By Joe Thornton.
11:04 of 1st period - Stopped by Miika Kiprusoff without a rebound.
11:05 of 1st period - Marc Savard wins face-off versus Josef Vasicek in Canadiens zone.
11:10 of 1st period - Josef Vasicek is hit by Dennis Wideman.
11:14 of 1st period - Dennis Wideman is hit by Josef Vasicek and loses puck.
11:47 of 1st period - Danny Richmond is hit by Riley Cote and loses puck.
12:00 of 1st period - Rene Bourque is hit by Oleg Saprykin and loses puck.
12:05 of 1st period - Snap shot by Erik Rasmussen.
12:05 of 1st period - Stopped by Miika Kiprusoff with a rebound.
12:25 of 1st period - Wrist shot by Kris Vernarsky.
12:25 of 1st period - Stopped by Miika Kiprusoff with a rebound.
12:27 of 1st period - Slapshot by Ryan Mcdonagh.
12:27 of 1st period - Stopped by Miika Kiprusoff with a rebound.
12:29 of 1st period - Snap shot by Kris Vernarsky.
12:29 of 1st period - Deflect By Vitali Yachmenev.
12:29 of 1st period - Shot Blocked by Josh Gorges.
12:29 of 1st period - Puck is out of play.
12:30 of 1st period - Marc Savard wins face-off versus Joe Thornton in Canadiens zone.
12:30 of 1st period - Marc Savard is hit by Alexander Edler.
12:56 of 1st period - Rene Bourque is hit by Brad Boyes and loses puck.
13:17 of 1st period - Wrist shot by Jeremy Williams.
13:17 of 1st period - Stopped by Miika Kiprusoff without a rebound.
13:18 of 1st period - Erik Rasmussen wins face-off versus Patrick Sharp in Canadiens zone.
13:25 of 1st period - Wrist shot by Marc Savard.
13:25 of 1st period - Stopped by Kari Lehtonen with a rebound.
13:33 of 1st period - Wrist shot by Oleg Saprykin.
13:33 of 1st period - Stopped by Miika Kiprusoff without a rebound.
13:34 of 1st period - Joe Thornton wins face-off versus Dustin Boyd in Canadiens zone.
13:35 of 1st period - Wrist shot by Alexander Ovechkin.
13:35 of 1st period - Stopped by Miika Kiprusoff with a rebound.
13:55 of 1st period - Devin Setoguchi is hit by Alexander Ovechkin and loses puck.
14:36 of 1st period - Snap shot by Josef Vasicek.
14:36 of 1st period - Shot Misses the Net.
14:38 of 1st period - Slapshot by Danny Richmond.
14:38 of 1st period - Shot Hit the Post.
14:52 of 1st period - Slapshot by Devin Setoguchi.
14:52 of 1st period - Shot Misses the Net.
14:54 of 1st period - Slapshot by Josh Gorges.
14:54 of 1st period - Stopped by Kari Lehtonen with a rebound.
14:56 of 1st period - Slapshot by Devin Setoguchi.
14:56 of 1st period - Shot Misses the Net.
14:58 of 1st period - Snap shot by Devin Setoguchi.
14:58 of 1st period - Goal by Devin Setoguchi - Canadiens : 2 - Predators : 0.
14:59 of 1st period - Joe Thornton wins face-off versus Devin Setoguchi in neutral zone.
15:02 of 1st period - Snap shot by Joe Thornton.
15:02 of 1st period - Deflect By Michael Grabner.
15:02 of 1st period - Stopped by Miika Kiprusoff with a rebound.
15:04 of 1st period - Wrist shot by Alexander Ovechkin.
15:04 of 1st period - Deflect By Joe Thornton.
15:04 of 1st period - Shot Blocked by Marc Savard.
15:04 of 1st period - Puck is out of play.
15:05 of 1st period - Marc Savard wins face-off versus Alexander Ovechkin in Canadiens zone.
15:51 of 1st period - Snap shot by Josef Vasicek.
15:51 of 1st period - Goal by Josef Vasicek - Canadiens : 2 - Predators : 1.
15:52 of 1st period - Marc Savard wins face-off versus Joe Thornton in neutral zone.
15:55 of 1st period - Joe Thornton is hit by Dan Boyle.
16:39 of 1st period - Brad Boyes is hit by Dan Boyle.
16:45 of 1st period - Snap shot by Josef Vasicek.
16:45 of 1st period - Deflect By Alexander Steen.
16:45 of 1st period - Stopped by Miika Kiprusoff without a rebound.
16:46 of 1st period - Joe Thornton wins face-off versus Marc Savard in Canadiens zone.
16:51 of 1st period - Snap shot by Alexander Ovechkin.
16:51 of 1st period - Shot Misses the Net.
16:59 of 1st period - Snap shot by Joe Thornton.
16:59 of 1st period - Shot Blocked by Patrick Sharp.
17:17 of 1st period - Riley Cote is hit by Danny Richmond and loses puck.
17:54 of 1st period - Patrick Sharp is hit by Jeremy Williams and loses puck.
18:03 of 1st period - Snap shot by Oleg Saprykin.
18:03 of 1st period - Stopped by Miika Kiprusoff with a rebound.
18:05 of 1st period - Slapshot by Ryan Mcdonagh.
18:05 of 1st period - Deflect By Oleg Saprykin.
18:05 of 1st period - Shot Misses the Net.
18:05 of 1st period - Puck is out of play.
18:06 of 1st period - Andrei Loktionov wins face-off versus Joe Thornton in Canadiens zone.
18:08 of 1st period - Minor Penalty to Sergei Samsonov for Hooking.
18:09 of 1st period - Josef Vasicek wins face-off versus Maxim Talbot in Canadiens zone.
18:36 of 1st period - Josh Gorges is hit by Brad Boyes and loses puck.
19:35 of 1st period - Josh Gorges is hit by Brad Boyes and loses puck.
Goals for this period are 2 for Canadiens vs 1 for Predators.
Shots for this period are 8 for Canadiens vs 17 for Predators.

2nd period


0:01 of 2nd period - Maxim Talbot wins face-off versus Josef Vasicek in neutral zone.
0:08 of 2nd period - Penalty to Sergei Samsonov is over, Sergei Samsonov is back on ice.
0:42 of 2nd period - Marc Savard is hit by Alexander Edler.
1:22 of 2nd period - Slapshot by Dan Boyle.
1:22 of 2nd period - Shot Misses the Net.
1:24 of 2nd period - Wrist shot by Maxim Talbot.
1:24 of 2nd period - Shot Misses the Net.
2:38 of 2nd period - Snap shot by Maxim Talbot.
2:38 of 2nd period - Stopped by Kari Lehtonen with a rebound.
2:48 of 2nd period - Alexander Edler is hit by Ladislav Smid and loses puck.
3:57 of 2nd period - Wrist shot by Joe Thornton.
3:57 of 2nd period - Deflect By Maxim Talbot.
3:57 of 2nd period - Stopped by Miika Kiprusoff with a rebound.
3:59 of 2nd period - Snap shot by Michael Grabner.
3:59 of 2nd period - Stopped by Miika Kiprusoff without a rebound.
4:00 of 2nd period - Marc Savard wins face-off versus Joe Thornton in Canadiens zone.
4:05 of 2nd period - Joe Thornton is hit by Marc Savard and loses puck.
4:12 of 2nd period - Snap shot by Brendan Bell.
4:12 of 2nd period - Shot Misses the Net.
4:14 of 2nd period - Snap shot by Joe Thornton.
4:14 of 2nd period - Shot Blocked by Marc Savard.
4:16 of 2nd period - Snap shot by Alexander Ovechkin.
4:16 of 2nd period - Stopped by Miika Kiprusoff with a rebound.
4:36 of 2nd period - Wrist shot by Sergei Samsonov.
4:36 of 2nd period - Stopped by Kari Lehtonen with a rebound.
4:46 of 2nd period - Riley Cote is hit by Kris Vernarsky.
5:08 of 2nd period - Jeremy Williams is hit by Patrick Sharp and loses puck.
5:31 of 2nd period - Icing by Jiri Fischer.
5:32 of 2nd period - Maxim Talbot wins face-off versus Joe Thornton in Canadiens zone.
5:59 of 2nd period - Slapshot by Matt Carle.
5:59 of 2nd period - Shot Blocked by Alexander Edler.
6:15 of 2nd period - Snap shot by Joe Thornton.
6:15 of 2nd period - Stopped by Miika Kiprusoff with a rebound.
6:17 of 2nd period - Snap shot by Michael Grabner.
6:17 of 2nd period - Stopped by Miika Kiprusoff with a rebound.
6:19 of 2nd period - Snap shot by Ryan Mcdonagh.
6:19 of 2nd period - Shot Misses the Net.
6:21 of 2nd period - Snap shot by Alexander Ovechkin.
6:21 of 2nd period - Shot Misses the Net.
6:23 of 2nd period - Wrist shot by Michael Grabner.
6:23 of 2nd period - Shot Blocked by Matt Carle.
6:25 of 2nd period - Snap shot by Michael Grabner.
6:25 of 2nd period - Deflect By Joe Thornton.
6:25 of 2nd period - Shot Blocked by Matt Carle.
6:25 of 2nd period - Puck is out of play.
6:26 of 2nd period - Marc Savard wins face-off versus Josef Vasicek in Canadiens zone.
6:26 of 2nd period - Marc Savard is hit by Brad Boyes.
6:32 of 2nd period - Snap shot by Devin Setoguchi.
6:32 of 2nd period - Goal by Devin Setoguchi - Canadiens : 3 - Predators : 1.
6:33 of 2nd period - Josef Vasicek wins face-off versus Rene Bourque in neutral zone.
7:07 of 2nd period - Slapshot by Joe Thornton.
7:07 of 2nd period - Stopped by Miika Kiprusoff with a rebound.
8:01 of 2nd period - Snap shot by Dan Boyle.
8:01 of 2nd period - Stopped by Kari Lehtonen with a rebound.
8:19 of 2nd period - Snap shot by Marc Savard.
8:19 of 2nd period - Stopped by Kari Lehtonen without a rebound.
8:20 of 2nd period - Marc Savard wins face-off versus Joe Thornton in Predators zone.
8:27 of 2nd period - Wrist shot by Patrick Sharp.
8:27 of 2nd period - Goal by Patrick Sharp - Canadiens : 4 - Predators : 1.
8:27 of 2nd period - Steve Mason enters game.
8:28 of 2nd period - Marc Savard wins face-off versus Joe Thornton in neutral zone.
8:39 of 2nd period - Slapshot by Patrick Sharp.
8:39 of 2nd period - Shot Misses the Net.
8:41 of 2nd period - Snap shot by Marc Savard.
8:41 of 2nd period - Goal by Marc Savard - Canadiens : 5 - Predators : 1.
8:42 of 2nd period - Patrick Sharp wins face-off versus Joe Thornton in neutral zone.
8:49 of 2nd period - Wrist shot by Marc Savard.
8:49 of 2nd period - Shot Misses the Net.
9:33 of 2nd period - Vitali Yachmenev is hit by Riley Cote and loses puck.
9:40 of 2nd period - Wrist shot by Dustin Boyd.
9:40 of 2nd period - Stopped by Steve Mason with a rebound.
9:42 of 2nd period - Snap shot by Brian Gionta.
9:42 of 2nd period - Goal by Brian Gionta - Canadiens : 6 - Predators : 1.
9:43 of 2nd period - Alexander Ovechkin wins face-off versus Marc Savard in neutral zone.
10:25 of 2nd period - Rene Bourque is hit by Alexander Steen and loses puck.
10:42 of 2nd period - Snap shot by Vitali Yachmenev.
10:42 of 2nd period - Deflect By Ladislav Smid.
10:42 of 2nd period - Stopped by Miika Kiprusoff with a rebound.
11:15 of 2nd period - Icing by Alexander Edler.
11:16 of 2nd period - Devin Setoguchi wins face-off versus Joe Thornton in Predators zone.
11:29 of 2nd period - Wrist shot by Alexander Ovechkin.
11:29 of 2nd period - Shot Misses the Net.
11:31 of 2nd period - Snap shot by Ryan Mcdonagh.
11:31 of 2nd period - Stopped by Miika Kiprusoff without a rebound.
11:32 of 2nd period - Josef Vasicek wins face-off versus Andrei Loktionov in Canadiens zone.
12:38 of 2nd period - Off-side.
12:39 of 2nd period - Rene Bourque wins face-off versus Erik Rasmussen in neutral zone.
13:16 of 2nd period - Dan Boyle is hit by Michael Grabner and loses puck.
13:29 of 2nd period - Josef Vasicek is hit by Riley Cote and loses puck.
13:34 of 2nd period - Snap shot by Dustin Boyd.
13:34 of 2nd period - Shot Misses the Net.
13:36 of 2nd period - Slapshot by Riley Cote.
13:36 of 2nd period - Shot Misses the Net.
13:38 of 2nd period - Backhand shot by Jiri Fischer.
13:38 of 2nd period - Deflect By Dustin Boyd.
13:38 of 2nd period - Stopped by Steve Mason with a rebound.
13:56 of 2nd period - Wrist shot by Rene Bourque.
13:56 of 2nd period - Shot Misses the Net.
13:58 of 2nd period - Snap shot by Sergei Samsonov.
13:58 of 2nd period - Shot Misses the Net.
14:18 of 2nd period - Wrist shot by Maxim Talbot.
14:18 of 2nd period - Deflect By Pierre-Luc Létourneau.
14:18 of 2nd period - Deflect By Brendan Bell.
14:18 of 2nd period - Stopped by Steve Mason with a rebound.
14:55 of 2nd period - Snap shot by Brian Gionta.
14:55 of 2nd period - Stopped by Steve Mason without a rebound.
14:56 of 2nd period - Josef Vasicek wins face-off versus Dustin Boyd in Predators zone.
14:56 of 2nd period - Josef Vasicek is hit by Riley Cote.
15:08 of 2nd period - Slapshot by Alexander Edler.
15:08 of 2nd period - Shot Blocked by Ladislav Smid.
15:10 of 2nd period - Snap shot by Alexander Steen.
15:10 of 2nd period - Shot Misses the Net.
15:12 of 2nd period - Slapshot by Josef Vasicek.
15:12 of 2nd period - Stopped by Miika Kiprusoff with a rebound.
15:22 of 2nd period - Ladislav Smid is hit by James Van Riemsdyk and loses puck.
15:29 of 2nd period - Wrist shot by James Van Riemsdyk.
15:29 of 2nd period - Shot Misses the Net.
15:31 of 2nd period - Slapshot by Danny Richmond.
15:31 of 2nd period - Shot Blocked by Ladislav Smid.
15:33 of 2nd period - Backhand shot by Danny Richmond.
15:33 of 2nd period - Stopped by Miika Kiprusoff without a rebound.
15:34 of 2nd period - Alexander Ovechkin wins face-off versus Marc Savard in Canadiens zone.
15:47 of 2nd period - Snap shot by Joe Thornton.
15:47 of 2nd period - Shot Blocked by Patrick Sharp.
15:59 of 2nd period - Josef Vasicek is hit by Rene Bourque and loses puck.
16:08 of 2nd period - Snap shot by Sergei Samsonov.
16:08 of 2nd period - Shot Blocked by Brad Boyes.
16:49 of 2nd period - Dustin Boyd is hit by Erik Rasmussen and loses puck.
17:06 of 2nd period - Slapshot by Danny Richmond.
17:06 of 2nd period - Shot Blocked by Josh Gorges.
17:08 of 2nd period - Snap shot by Alexander Ovechkin.
17:08 of 2nd period - Shot Blocked by Ladislav Smid.
17:33 of 2nd period - Icing by Dennis Wideman.
17:34 of 2nd period - Joe Thornton wins face-off versus Andrei Loktionov in Canadiens zone.
17:43 of 2nd period - Snap shot by Sergei Samsonov.
17:43 of 2nd period - Stopped by Steve Mason without a rebound.
17:44 of 2nd period - Joe Thornton wins face-off versus Marc Savard in Predators zone.
17:53 of 2nd period - Wrist shot by Patrick Sharp.
17:53 of 2nd period - Shot Blocked by Ryan Mcdonagh.
17:58 of 2nd period - Off-side.
17:59 of 2nd period - Andrei Loktionov wins face-off versus Alexander Ovechkin in neutral zone.
18:09 of 2nd period - Minor Penalty to Ryan Mcdonagh for Tripping.
18:10 of 2nd period - Marc Savard wins face-off versus Joe Thornton in Predators zone.
18:18 of 2nd period - Backhand shot by Patrick Sharp.
18:18 of 2nd period - Shot Misses the Net.
18:20 of 2nd period - Wrist shot by Patrick Sharp.
18:20 of 2nd period - Shot Misses the Net.
18:44 of 2nd period - Snap shot by Dennis Wideman.
18:44 of 2nd period - Stopped by Steve Mason without a rebound.
18:45 of 2nd period - Joe Thornton wins face-off versus Rene Bourque in Predators zone.
19:20 of 2nd period - Backhand shot by Patrick Sharp.
19:20 of 2nd period - Stopped by Steve Mason without a rebound.
19:21 of 2nd period - Marc Savard wins face-off versus Joe Thornton in Predators zone.
19:22 of 2nd period - Slapshot by Dan Boyle.
19:22 of 2nd period - Deflect By Rene Bourque.
19:22 of 2nd period - Stopped by Steve Mason without a rebound.
19:23 of 2nd period - Marc Savard wins face-off versus Joe Thornton in Predators zone.
19:50 of 2nd period - Wrist shot by Josef Vasicek.
19:50 of 2nd period - Stopped by Miika Kiprusoff with a rebound.
Goals for this period are 4 for Canadiens vs 0 for Predators.
Shots for this period are 16 for Canadiens vs 11 for Predators.

3rd period


0:01 of 3rd period - Marc Savard wins face-off versus Joe Thornton in neutral zone.
0:03 of 3rd period - Minor Penalty to Dan Boyle for Roughing.
0:04 of 3rd period - Marc Savard wins face-off versus Joe Thornton in Canadiens zone.
0:09 of 3rd period - Penalty to Ryan Mcdonagh is over, Ryan Mcdonagh is back on ice.
1:12 of 3rd period - Sergei Samsonov is hit by Joe Thornton.
1:22 of 3rd period - Marc Savard is hit by Josef Vasicek and loses puck.
2:03 of 3rd period - Penalty to Dan Boyle is over, Dan Boyle is back on ice.
2:13 of 3rd period - Ladislav Smid is hit by Vitali Yachmenev and loses puck.
2:28 of 3rd period - Slapshot by Josh Gorges.
2:28 of 3rd period - Stopped by Steve Mason with a rebound.
2:30 of 3rd period - Snap shot by Riley Cote.
2:30 of 3rd period - Stopped by Steve Mason with a rebound.
2:32 of 3rd period - Snap shot by Riley Cote.
2:32 of 3rd period - Stopped by Steve Mason without a rebound.
2:33 of 3rd period - Andrei Loktionov wins face-off versus Erik Rasmussen in Predators zone.
3:00 of 3rd period - Oleg Saprykin is hit by Pierre-Luc Létourneau and loses puck.
3:50 of 3rd period - Icing by Andrei Loktionov.
3:51 of 3rd period - Maxim Talbot wins face-off versus Kris Vernarsky in Canadiens zone.
4:45 of 3rd period - Wrist shot by Brad Boyes.
4:45 of 3rd period - Shot Misses the Net.
4:59 of 3rd period - Erik Rasmussen is hit by Josh Gorges and loses puck.
5:24 of 3rd period - Slapshot by Marc Savard.
5:24 of 3rd period - Shot Blocked by Brendan Bell.
5:38 of 3rd period - Maxim Talbot is hit by Alexander Ovechkin and loses puck.
6:00 of 3rd period - Wrist shot by Andrei Loktionov.
6:00 of 3rd period - Shot Misses the Net.
6:17 of 3rd period - Icing by Ryan Mcdonagh.
6:18 of 3rd period - Josef Vasicek wins face-off versus Brian Gionta in Predators zone.
6:27 of 3rd period - Brian Gionta is hit by Michael Grabner and loses puck.
7:02 of 3rd period - Minor Penalty to Vitali Yachmenev for Interference.
7:03 of 3rd period - Joe Thornton wins face-off versus Marc Savard in Predators zone.
7:16 of 3rd period - Wrist shot by Joe Thornton.
7:16 of 3rd period - Stopped by Miika Kiprusoff with a rebound.
7:31 of 3rd period - Icing by Devin Setoguchi.
7:32 of 3rd period - Joe Thornton wins face-off versus Dustin Boyd in Canadiens zone.
7:53 of 3rd period - Danny Richmond is hit by Dennis Wideman and loses puck.
8:12 of 3rd period - Wrist shot by Andrei Loktionov.
8:12 of 3rd period - Stopped by Steve Mason without a rebound.
8:13 of 3rd period - Dustin Boyd wins face-off versus Joe Thornton in Predators zone.
8:39 of 3rd period - Josef Vasicek is hit by Rene Bourque and loses puck.
9:02 of 3rd period - Penalty to Vitali Yachmenev is over, Vitali Yachmenev is back on ice.
9:18 of 3rd period - Slapshot by Alexander Edler.
9:18 of 3rd period - Stopped by Miika Kiprusoff with a rebound.
9:39 of 3rd period - Off-side.
9:40 of 3rd period - Marc Savard wins face-off versus Brad Boyes in neutral zone.
10:21 of 3rd period - Matt Carle is hit by Brad Boyes and loses puck.
10:30 of 3rd period - Slapshot by Brad Boyes.
10:30 of 3rd period - Deflect By Josef Vasicek.
10:30 of 3rd period - Shot Misses the Net.
10:30 of 3rd period - Puck is out of play.
10:31 of 3rd period - Alexander Ovechkin wins face-off versus Andrei Loktionov in Canadiens zone.
10:47 of 3rd period - Minor Penalty to Dan Boyle for Hooking.
10:48 of 3rd period - Maxim Talbot wins face-off versus Josef Vasicek in Canadiens zone.
11:12 of 3rd period - Maxim Talbot is hit by Alexander Edler and loses puck.
11:41 of 3rd period - Minor Penalty to Alexander Steen for Interference.
11:42 of 3rd period - Joe Thornton wins face-off versus Marc Savard in Predators zone.
11:47 of 3rd period - Slapshot by Marc Savard.
11:47 of 3rd period - Stopped by Steve Mason with a rebound.
11:49 of 3rd period - Wrist shot by Dennis Wideman.
11:49 of 3rd period - Deflect By Patrick Sharp.
11:49 of 3rd period - Shot Blocked by Joe Thornton.
11:49 of 3rd period - Puck is out of play.
11:50 of 3rd period - Marc Savard wins face-off versus Joe Thornton in Predators zone.
11:59 of 3rd period - Slapshot by Marc Savard.
11:59 of 3rd period - Stopped by Steve Mason with a rebound.
12:01 of 3rd period - Slapshot by Jiri Fischer.
12:01 of 3rd period - Shot Blocked by Joe Thornton.
12:03 of 3rd period - Snap shot by Marc Savard.
12:03 of 3rd period - Stopped by Steve Mason without a rebound.
12:04 of 3rd period - Joe Thornton wins face-off versus Marc Savard in Predators zone.
12:18 of 3rd period - Snap shot by Joe Thornton.
12:18 of 3rd period - Deflect By Alexander Ovechkin.
12:18 of 3rd period - Stopped by Miika Kiprusoff without a rebound.
12:19 of 3rd period - Marc Savard wins face-off versus Joe Thornton in Canadiens zone.
12:19 of 3rd period - Marc Savard is hit by Joe Thornton.
12:29 of 3rd period - Slapshot by Alexander Ovechkin.
12:29 of 3rd period - Stopped by Miika Kiprusoff without a rebound.
12:30 of 3rd period - Joe Thornton wins face-off versus Marc Savard in Canadiens zone.
12:47 of 3rd period - Penalty to Dan Boyle is over, Dan Boyle is back on ice.
12:55 of 3rd period - Alexander Edler is hit by Dennis Wideman and loses puck.
13:41 of 3rd period - Penalty to Alexander Steen is over, Alexander Steen is back on ice.
14:17 of 3rd period - Slapshot by Joe Thornton.
14:17 of 3rd period - Deflect By Alexander Steen.
14:17 of 3rd period - Stopped by Miika Kiprusoff with a rebound.
14:19 of 3rd period - Slapshot by John Moore.
14:19 of 3rd period - Shot Blocked by Jiri Fischer.
14:21 of 3rd period - Slapshot by John Moore.
14:21 of 3rd period - Stopped by Miika Kiprusoff with a rebound.
14:23 of 3rd period - Slapshot by John Moore.
14:23 of 3rd period - Shot Blocked by Jiri Fischer.
14:25 of 3rd period - Slapshot by Alexander Ovechkin.
14:25 of 3rd period - Stopped by Miika Kiprusoff with a rebound.
14:27 of 3rd period - Snap shot by Alexander Ovechkin.
14:27 of 3rd period - Stopped by Miika Kiprusoff without a rebound.
14:28 of 3rd period - Kris Vernarsky wins face-off versus Andrei Loktionov in Canadiens zone.
14:32 of 3rd period - Minor Penalty to Rene Bourque for Hooking.
14:33 of 3rd period - Josef Vasicek wins face-off versus Maxim Talbot in Canadiens zone.
14:55 of 3rd period - Wrist shot by Alexander Edler.
14:55 of 3rd period - Stopped by Miika Kiprusoff with a rebound.
14:57 of 3rd period - Snap shot by Alexander Steen.
14:57 of 3rd period - Stopped by Miika Kiprusoff without a rebound.
14:58 of 3rd period - Maxim Talbot wins face-off versus Kris Vernarsky in Canadiens zone.
15:07 of 3rd period - Slapshot by Brendan Bell.
15:07 of 3rd period - Goal by Brendan Bell - Canadiens : 6 - Predators : 2.
15:08 of 3rd period - Joe Thornton wins face-off versus Andrei Loktionov in neutral zone.
15:25 of 3rd period - Slapshot by Alexander Ovechkin.
15:25 of 3rd period - Stopped by Miika Kiprusoff with a rebound.
15:37 of 3rd period - Riley Cote is hit by Brad Boyes and loses puck.
16:04 of 3rd period - Snap shot by Patrick Sharp.
16:04 of 3rd period - Shot Misses the Net.
16:06 of 3rd period - Slapshot by Dan Boyle.
16:06 of 3rd period - Stopped by Steve Mason with a rebound.
16:08 of 3rd period - Snap shot by Patrick Sharp.
16:08 of 3rd period - Stopped by Steve Mason with a rebound.
16:10 of 3rd period - Snap shot by Devin Setoguchi.
16:10 of 3rd period - Stopped by Steve Mason without a rebound.
16:11 of 3rd period - Joe Thornton wins face-off versus Andrei Loktionov in Predators zone.
16:22 of 3rd period - Wrist shot by Andrei Loktionov.
16:22 of 3rd period - Shot Blocked by Ryan Mcdonagh.
16:24 of 3rd period - Slapshot by Ladislav Smid.
16:24 of 3rd period - Stopped by Steve Mason without a rebound.
16:25 of 3rd period - Joe Thornton wins face-off versus Marc Savard in Predators zone.
16:25 of 3rd period - Joe Thornton is hit by Marc Savard.
16:31 of 3rd period - Snap shot by Marc Savard.
16:31 of 3rd period - Stopped by Steve Mason without a rebound.
16:32 of 3rd period - Marc Savard wins face-off versus Joe Thornton in Predators zone.
16:35 of 3rd period - Snap shot by Marc Savard.
16:35 of 3rd period - Shot Misses the Net.
16:37 of 3rd period - Snap shot by Patrick Sharp.
16:37 of 3rd period - Stopped by Steve Mason without a rebound.
16:38 of 3rd period - Joe Thornton wins face-off versus Marc Savard in Predators zone.
16:46 of 3rd period - Minor Penalty to Michael Grabner for Roughing.
16:47 of 3rd period - Joe Thornton wins face-off versus Marc Savard in Predators zone.
17:17 of 3rd period - Wrist shot by Dennis Wideman.
17:17 of 3rd period - Stopped by Steve Mason without a rebound.
17:18 of 3rd period - Joe Thornton wins face-off versus Dustin Boyd in Predators zone.
18:46 of 3rd period - Penalty to Michael Grabner is over, Michael Grabner is back on ice.
18:47 of 3rd period - Michael Grabner is hit by Patrick Sharp and loses puck.
19:15 of 3rd period - Wrist shot by Josef Vasicek.
19:15 of 3rd period - Shot Blocked by Matt Carle.
19:17 of 3rd period - Slapshot by Alexander Edler.
19:17 of 3rd period - Deflect By Michael Grabner.
19:17 of 3rd period - Shot Misses the Net.
19:17 of 3rd period - Puck is out of play.
19:18 of 3rd period - Dustin Boyd wins face-off versus Erik Rasmussen in Canadiens zone.
19:27 of 3rd period - Alexander Edler is hit by Riley Cote.
19:40 of 3rd period - Minor Penalty to Dan Boyle for Interference.
19:41 of 3rd period - Josef Vasicek wins face-off versus Maxim Talbot in Canadiens zone.
19:48 of 3rd period - Wrist shot by Josef Vasicek.
19:48 of 3rd period - Shot Blocked by Sergei Samsonov.
Goals for this period are 0 for Canadiens vs 1 for Predators.
Shots for this period are 14 for Canadiens vs 12 for Predators.


Output by the SimonT Hockey Simulator (STHS) for François Prévost -- Original Page W3C XHTML 1.0 Valid
Hockey Simulator - Hockey Simulation - Hockey Manager